 Dungeon Crawl Stone Soup version 0.16-a0-1982-g8124c91 (webtiles) character file.

736 timbw the Insei (level 7, -13/35 HPs)
             Began as a Vine Stalker Monk on Nov 8, 2014.
             Was a Believer of Kikubaaqudgha.
             Killed from afar by a manticore (17 damage)
             ... with a volley of spikes
             ... on level 10 of the Dungeon.
             The game lasted 00:09:49 (1530 turns).

timbw the Insei (Vine Stalker Monk)                 Turns: 1530, Time: 00:09:49

Health: -13/35     AC:  3    Str: 13    XL:     7   Next: 74%
Magic:  0/21       EV: 15    Int: 10    God:    Kikubaaqudgha [**....]
Gold:   120        SH:  0    Dex: 19    Spells: 2 memorised, 5 levels left

rFire  . . .     SeeInvis .       - Unarmed
rCold  . . .     Clarity  .     a - +0 robe
rNeg   . . .     SustAb   .     (no shield)
rPois  .         Gourm    +     (no helmet)
rElec  .         Spirit   +     (no cloak)
rCorr  .         Warding  .     i - +0 pair of gloves
rMut   .         Stasis   .     (no boots)
MR     .....                    h - amulet of the gourmand
Stlth  ++........               q - ring of magical power
                                n - ring of teleport control

@: about to teleport, manticore barbs, very slightly contaminated, not resistant
to hostile enchantments, unstealthy
A: fangs 2, regeneration 2, magic shield, antimagic bite, no device heal 3, rot
immunity
a: Receive Corpses, Renounce Religion, Evoke Teleport Control


You were on level 10 of the Dungeon.
You worshipped Kikubaaqudgha.
Kikubaaqudgha was pleased with you.
You were hungry.

You visited 2 branches of the dungeon, and saw 11 of its levels.

You collected 120 gold pieces.

Inventory:

Armour
 a - a +0 robe (worn)
 i - a +0 pair of gloves (worn)
Jewellery
 h - an amulet of the gourmand (around neck)
 n - a ring of teleport control (left hand)
 q - a ring of magical power (right hand)
Magical devices
 o - a wand of teleportation (5)
 p - a wand of cold (7)
Scrolls
 d - 3 scrolls of remove curse
 e - 2 scrolls of noise
 l - a scroll of magic mapping
Potions
 f - a potion of cure mutation
 g - a potion of curing
 r - a potion of might
Books
 k - Kikubaaqudgha's Reference Book on Evil
   (Kikubaaqudgha gifted it to you in the Ecumenical Temple)

   Spells                             Type                      Level
   *Animate Skeleton                  Necromancy                   1
   Corpse Rot                         Necromancy                   2
   Sublimation of Blood               Necromancy                   2
   *Regeneration                      Charms/Necromancy            3
   Control Undead                     Necromancy                   4
 m - a book of Death

   Spells                             Type                      Level
   Corpse Rot                         Necromancy                   2
   Sublimation of Blood               Necromancy                   2
   Agony                              Necromancy                   5
   Dispel Undead                      Necromancy                   5
   Excruciating Wounds                Charms/Necromancy            5
   Bolt of Draining                   Conjuration/Necromancy       5
Comestibles
 b - 2 bread rations


   Skills:
 - Level 2.6 Fighting
 + Level 3.9 Dodging
 - Level 2.4 Stealth
 * Level 7.2 Unarmed Combat
 - Level 1.6 Spellcasting
 + Level 2.2 Charms
 + Level 2.4 Necromancy


You had 5 spell levels left.
You knew the following spells:

 Your Spells              Type           Power        Failure   Level  Hunger
a - Animate Skeleton      Necr           N/A          14%         1    ##.....
b - Regeneration          Chrm/Necr      #.........   38%         3    ####...


Dungeon Overview and Level Annotations

Branches:
Dungeon (10/15)            Temple (1/1) D:4            Lair (0/8) D:9
    Orc: D:9-12

Altars:
Ashenzari
Cheibriados
Dithmenos
Elyvilon
Fedhas
Kikubaaqudgha
Makhleb
Nemelex Xobeh
Okawaru
Qazlal
Ru
Sif Muna
Trog
Vehumet
Xom
Zin


Innate Abilities, Weirdness & Mutations

You have extremely sharp teeth.
You heal very quickly.
When hurt, damage is shared between your health and your magic reserves.
Your bite disrupts and absorbs the magic of your enemies.
Potions and wands cannot restore your health.
You are immune to rotting.


Message History

The manticore flicks its tail.
The volley of spikes hits you!
The barbed spikes become lodged in your body.
Read which item? (? for menu, Esc to quit)
None of your equipped items are cursed.
Unknown command.
Read which item? (? for menu, Esc to quit)
As you read the scroll of teleportation, it crumbles to dust.
You feel strangely unstable.
The manticore flicks its tail.
The volley of spikes hits you!
The barbed spikes become lodged in your body.
* * * LOW HITPOINT WARNING * * *
Drink which item? (? for menu, Esc to quit)
You have no ailments to cure.
The manticore flicks its tail.
The volley of spikes hits you!
The barbed spikes become lodged in your body.
You die...
Kikubaaqudgha rasps: "You have failed me!
Welcome... death!"

## ... #### ..... #..#
......
############..###......
.......................
.........................
##.....@######..#######
#......# #..# #......#
#..# #H.....# #..#
#......# #..#
#......######..########
......................
.....................
#############..###


You could see a manticore.

Vanquished Creatures
  A hungry ghost (D:9)
  A water moccasin (D:10)
  A black bear (D:6)
  An ogre (D:8)
  A phantom (D:9)
  A killer bee (D:8)
  A hound (D:4)
  A crimson imp (D:8)
  A centaur skeleton (D:5)
  A worker ant (D:9)
  4 adders
  3 gnolls (D:4)
  A giant mite (D:5)
  2 giant geckos
  An orc (D:4)
  2 bats
  2 giant cockroaches
  5 hobgoblins
  2 kobolds
  A quokka (D:6)
  2 giant newts
  2 goblins
  6 jackals
  5 rats
48 creatures vanquished.

Vanquished Creatures (others)
  A giant spore (D:9)
1 creature vanquished.

Grand Total: 49 creatures vanquished

Notes
Turn   | Place    | Note
--------------------------------------------------------------
     0 | D:1      | timbw, the Vine Stalker Monk, began the quest for the Orb.
     0 | D:1      | Reached XP level 1. HP: 11/11 MP: 1/1
   134 | D:2      | Reached XP level 2. HP: 8/16 MP: 3/3
   184 | D:2      | Reached XP level 3. HP: 10/19 MP: 2/4
   220 | D:2      | Found a stormy altar of Qazlal.
   240 | D:2      | Found a blossoming altar of Fedhas.
   294 | D:3      | Reached skill level 5 in Unarmed Combat
   345 | D:4      | Noticed an ogre
   364 | D:4      | Reached XP level 4. HP: 14/23 MP: 5/5
   380 | D:4      | Found a deep blue altar of Sif Muna.
   394 | D:5      | Entered Level 5 of the Dungeon
   468 | D:5      | Noticed an ice beast
   597 | D:4      | Reached XP level 5. HP: 16/27 MP: 5/7
   607 | D:4      | HP: 1/27 [gnoll/flail (5)]
   711 | D:4      | Found a staircase to the Ecumenical Temple.
   717 | Temple   | Entered the Ecumenical Temple
   767 | Temple   | Became a worshipper of Kikubaaqudgha
   767 | Temple   | Acquired Kikubaaqudgha's first power
   767 | Temple   | Received a gift from Kikubaaqudgha
   767 | Temple   | Acquired Kikubaaqudgha's second power
   768 | Temple   | Identified Kikubaaqudgha's Reference Book on Evil (Kikubaaqudgha gifted it to you in the Ecumenical Temple)
   773 | Temple   | Learned a level 3 spell: Regeneration
   824 | D:5      | Learned a level 1 spell: Animate Skeleton
   839 | D:6      | Noticed a black bear
   849 | D:6      | Killed a black bear
   849 | D:6      | Reached skill level 6 in Unarmed Combat
   849 | D:6      | Reached skill level 1 in Necromancy
   849 | D:6      | Gained mutation: You heal very quickly. [vine stalker growth]
   849 | D:6      | Reached XP level 6. HP: 8/32 MP: 1/9
   859 | D:6      | Found a sacrificial altar of Ru.
  1158 | D:8      | Reached skill level 1 in Spellcasting
  1158 | D:8      | Reached skill level 1 in Charms
  1287 | D:9      | Found a staircase to the Lair.
  1295 | D:9      | Noticed a hungry ghost
  1311 | D:9      | Killed a hungry ghost
  1311 | D:9      | Reached XP level 7. HP: 30/35 MP: 12/12
  1399 | D:9      | Reached skill level 7 in Unarmed Combat
  1450 | D:10     | Entered Level 10 of the Dungeon
  1527 | D:10     | Noticed a manticore
  1530 | D:10     | Killed from afar by a manticore

Action                   |  1- 3 |  4- 6 |  7- 9 || total
-------------------------+-------+-------+-------++-------
Melee: Unarmed           |    76 |   109 |    45 ||   230
 Cast: Regeneration      |       |     1 |     2 ||     3
       Animate Skeleton  |       |     1 |       ||     1
Evoke: Wand              |       |       |     1 ||     1
  Use: Scroll            |       |     1 |     7 ||     8
       Potion            |       |     1 |       ||     1
 Stab: Sleeping          |     3 |     4 |       ||     7
  Eat: Chunk             |       |     4 |     1 ||     5
       Beef jerky        |       |       |     1 ||     1
